 Dungeon Crawl Stone Soup version 0.23.2 (webtiles) character file.

Game seed: 15339737833243563234

18099 Menchi the Fencer (level 12, -3/100 HPs)
             Began as a Ghoul Fighter on Apr 7, 2019.
             Was a High Priest of Makhleb.
             Slain by a two-headed ogre
             ... wielding a +0 giant club
              (20 damage)
             ... on level 2 of the Orcish Mines.
             The game lasted 00:31:08 (9623 turns).

Menchi the Fencer (Ghoul Fighter)                   Turns: 9623, Time: 00:31:09

Health: -3/100     AC: 14    Str: 27    XL:     12   Next: 54%
Magic:  11/11      EV: 16    Int:  4    God:    Makhleb [*****.]
Gold:   772        SH:  4    Dex:  8    Spells: 11/11 levels left

rFire    + . .     SeeInvis .   b - +4 great sword
rCold    + . .     Gourm    .   (shield currently unavailable)
rNeg     + + +     Faith    .   y - +2 chain mail {rF+}
rPois    ∞         Spirit   .   s - +0 helmet
rElec    .         Reflect  +   (no cloak)
rCorr    .         Harm     .   p - +1 pair of gloves
MR       .....                  (no boots)
Stlth    ..........             z - +4 amulet of reflection
HPRegen  0.00/turn              n - +3 ring of strength
MPRegen  0.12/turn              H - +6 ring of evasion

@: rotting
A: rotting body, claws 1, carnivore, cold resistance 1, negative energy
resistance 3, inhibited regeneration, torment resistance, unbreathing
a: Minor Destruction, Lesser Servant of Makhleb, Major Destruction, Greater
Servant of Makhleb, Renounce Religion


You were on level 2 of the Orcish Mines.
You worshipped Makhleb.
Makhleb was extremely pleased with you.
You were not hungry.

You visited 4 branches of the dungeon, and saw 16 of its levels.

You collected 772 gold pieces.

Inventory:

Hand Weapons
 b - a +4 great sword (weapon)
Armour
 p - a +1 pair of gloves (worn)
 s - a +0 helmet (worn)
 y - a +2 chain mail of fire resistance (worn)
 E - a +2 leather armour of cold resistance
Jewellery
 n - a +3 ring of strength (left hand)
 z - a +4 amulet of reflection (around neck)
 H - a +6 ring of evasion (right hand)
Wands
 a - a wand of digging (3)
 e - a wand of flame (4)
 r - a wand of random effects (21)
 C - a wand of paralysis (3)
Scrolls
 c - 2 scrolls of identify
 d - 3 scrolls of fog {unknown}
 i - 3 scrolls of remove curse
 j - 5 scrolls of teleportation
 l - 2 scrolls of magic mapping {unknown}
 o - 4 scrolls of fear {unknown}
 u - 3 scrolls of amnesia {unknown}
 x - 3 scrolls of enchant weapon {unknown}
 A - a scroll of acquirement {unknown}
 G - a scroll of torment {unknown}
Potions
 g - a potion of brilliance {unknown}
 h - 2 potions of degeneration {unknown}
 k - 2 potions of agility {unknown}
 m - 2 potions of ambrosia {unknown}
 t - a potion of flight {unknown}
 w - a potion of mutation {unknown}
 B - 2 potions of lignification {unknown}
 D - 3 potions of haste {unknown}
 F - 5 potions of curing {unknown}
Comestibles
 f - 19 rations
 q - 3 chunks of flesh


   Skills:
 - Level 7.1 Fighting
 * Level 16.5 Long Blades
 - Level 3.2 Armour
 - Level 3.9 Dodging
   Level 2.6 Shields
 - Level 0.8 Evocations


You had 11 spell levels left.
You didn't know any spells.
Your spell library contained the following spells:

 Spells                   Type           Power        Failure   Level  Hunger
 Sandblast                Erth           #.....       98%         1    ##.....
 Passwall                 Tmut/Erth      #.......     99%         2    ###....
 Stone Arrow              Conj/Erth      #.....       100%        3    ####...
 Petrify                  Tmut/Erth      #.......     100%        4    #####..
 Lee's Rapid Deconstruct  Erth           #.........   100%        5    ######.


Dungeon Overview and Level Annotations

Branches:
Dungeon (12/15)            Temple (1/1) D:6            Lair (1/6) D:8
    Orc (2/2) D:12
    Elf: Orc:2

Altars:
Ashenzari
Cheibriados
Dithmenos
Elyvilon
Fedhas
Gozag
Hepliaklqana
Kikubaaqudgha
Makhleb
Nemelex Xobeh
Okawaru
Qazlal
Ru
Sif Muna
Trog
Uskayaw
Vehumet
Wu Jian
Xom
Yredelemnul
Zin
The Shining One

Shops:
D:12 !

Portals:
Trove: D:11 (give 14 scrolls of teleportation)

Annotations:
D:3 1 runed translucent door, Kinoniko's ghost, amateur DsGl


Innate Abilities, Weirdness & Mutations

Your body is rotting away.
You thrive on raw meat.
You are immune to poison.
You have sharp fingernails.
You are carnivorous and can eat meat at any time.
Your flesh is cold resistant. (rC+)
You are immune to negative energy. (rN+++)
You do not regenerate when monsters are visible.
You are immune to unholy pain and torment.
You can survive without breathing.


Message History

* * * LOW HITPOINT WARNING * * *
The two-headed ogre hits you with a +0 giant club.
* * * LOW HITPOINT WARNING * * *
The orc closely misses you. You block the orc's attack.
You slash the two-headed ogre!
You kill the two-headed ogre!
Makhleb accepts your kill.
You feel better.
You feel your dexterity returning. The orc hits you but does no damage.
The two-headed ogre misses you.
The two-headed ogre hits you with a +0 giant spiked club!
* * * LOW HITPOINT WARNING * * *
The orc closely misses you.
You riposte.
You barely miss the orc.
You are too injured to fight recklessly!
You slash the two-headed ogre!
The two-headed ogre is lightly wounded.
The orc misses you. The orc hits you but does no damage.
The two-headed ogre hits you but does no damage.
The two-headed ogre hits you with a +0 giant spiked club!!
You die...

.. ##. #..
##..#
##....##
##......#
#.....))##
......o@o#
....<.oO)#
..
.........#
....
#.......##
....
##.....##
... ##...#
.# #...
.## ....
..###


You could see a two-headed ogre and 3 orcs.

Vanquished Creatures
  Harold (D:9)
  3 two-headed ogres
  A cyclops (D:12)
  2 manticores (D:12)
  A kobold demonologist (D:11)
  A komodo dragon (Lair:1)
  A centaur skeleton (D:12)
  2 trolls (D:12)
  A hippogriff (D:8)
  A shadow (D:11)
  A wraith (D:11)
  12 yaks
  A basilisk (D:8)
  A hungry ghost (D:12)
  3 vampire mosquitoes (D:12)
  A warg (Orc:1)
  A soldier ant (D:12)
  An acid dragon (D:10)
  A water moccasin (D:12)
  An ice beast (D:5)
  3 phantoms
  5 orc warriors
  2 sky beasts
  3 black bears
  An eye of draining (D:12)
  A necrophage (D:12)
  3 ogres
  8 centaurs (D:12)
  2 big kobolds
  A crocodile (D:8)
  6 bullfrogs
  A scorpion (D:11)
  4 killer bees (D:9)
  5 wights (D:6)
  2 howler monkeys
  3 centaur zombies
  2 crimson imps
  A hound (D:9)
  2 quasits
  3 jellies
  12 orc priests
  14 orc wizards
  Ijyb (D:4)
  A bullfrog skeleton (D:12)
  An iguana (D:7)
  9 worker ants
  A killer bee zombie (D:9)
  A worker ant zombie (D:11)
  8 gnolls
  A howler monkey skeleton (D:6)
  18 adders
  6 shadow imps
  2 oozes
  4 worms
  5 dart slugs
  7 leopard geckos
  70 orcs
  4 ball pythons
  7 bats
  4 giant cockroaches
  15 goblins
  10 hobgoblins
  6 jackals
  2 quokkas
  4 frilled lizards
  A jackal skeleton (D:7)
  A jackal zombie (D:5)
  13 kobolds
  A quokka skeleton (D:7)
  8 rats
332 creatures vanquished.

Vanquished Creatures (others)
  A withered plant (D:3)
1 creature vanquished.

Grand Total: 333 creatures vanquished

Notes
Turn   | Place    | Note
-------+----------+-------------------------------------------
     0 | D:1      | Menchi the Ghoul Fighter began the quest for the Orb.
     0 | D:1      | Reached XP level 1. HP: 19/19 MP: 0/0
    49 | D:1      | Reached XP level 2. HP: 8/26 MP: 1/1
   119 | D:1      | Reached skill level 2 in Long Blades
   133 | D:1      | Reached XP level 3. HP: 23/33 MP: 2/2
   624 | D:2      | Reached XP level 4. HP: 36/40 MP: 3/3
   718 | D:2      | Reached skill level 3 in Long Blades
   811 | D:2      | Found an iron altar of Okawaru.
   812 | D:2      | Found a sacrificial altar of Ru.
   812 | D:2      | Found a sparkling altar of Nemelex Xobeh.
  1211 | D:3      | Reached XP level 5. HP: 31/46 MP: 4/4
  1555 | D:3      | Reached skill level 4 in Long Blades
  1947 | D:3      | Reached skill level 1 in Dodging
  1962 | D:3      | Reached XP level 6. HP: 28/51 MP: 5/5
  1973 | D:3      | Found a runed translucent door.
  1973 | D:3      | Noticed Kinoniko's ghost (amateur DsGl)
  2674 | D:4      | Reached skill level 5 in Fighting
  2817 | D:4      | Reached XP level 7. HP: 61/61 MP: 6/6
  2831 | D:4      | Reached skill level 5 in Long Blades
  2944 | D:4      | Noticed Ijyb
  3028 | D:4      | Killed Ijyb
  3152 | D:5      | Entered Level 5 of the Dungeon
  4004 | D:6      | Reached XP level 8. HP: 70/70 MP: 7/7
  4051 | D:6      | Reached skill level 6 in Long Blades
  4102 | D:6      | Found a staircase to the Ecumenical Temple.
  4128 | Temple   | Entered the Ecumenical Temple
  4308 | Temple   | Became a worshipper of Makhleb the Destroyer
  4679 | D:6      | Reached skill level 7 in Long Blades
  5024 | D:6      | Reached XP level 9. HP: 76/79 MP: 8/8
  5455 | D:7      | Reached skill level 8 in Long Blades
  5457 | D:7      | Reached * piety under Makhleb
  6022 | D:8      | Noticed a two-headed ogre
  6027 | D:8      | Killed a two-headed ogre
  6027 | D:8      | Reached skill level 9 in Long Blades
  6190 | D:8      | Reached skill level 10 in Long Blades
  6201 | D:8      | Found a staircase to the Lair.
  6711 | D:8      | Reached XP level 10. HP: 71/86 MP: 9/9
  6740 | D:9      | Noticed Harold
  6762 | D:9      | Killed Harold
  6762 | D:9      | Reached skill level 11 in Long Blades
  6767 | D:9      | Reached skill level 14 in Long Blades
  6767 | D:9      | Reached XP level 11. HP: 80/92 MP: 10/10
  6806 | D:9      | Reached ** piety under Makhleb
  6884 | D:9      | Found a faded altar of an unknown god.
  6884 | D:9      | Found an ancient bone altar of Kikubaaqudgha.
  6889 | D:9      | Found a shadowy altar of Dithmenos.
  6891 | D:9      | Found a faded altar of an unknown god.
  6893 | D:9      | Found an opulent altar of Gozag.
  7170 | D:9      | Found a basalt altar of Yredelemnul.
  7511 | D:10     | Entered Level 10 of the Dungeon
  8004 | D:11     | Found a portal to a secret trove of treasure.
  8080 | D:11     | Noticed an eight-headed hydra
  8208 | D:11     | Reached *** piety under Makhleb
  8268 | D:11     | Noticed an eight-headed hydra
  8366 | D:12     | Reached skill level 15 in Long Blades
  8454 | D:12     | Noticed a manticore
  8473 | D:12     | Noticed a manticore
  8497 | D:12     | Killed a manticore
  8551 | D:12     | Reached **** piety under Makhleb
  8556 | D:12     | Found a staircase to the Orcish Mines.
  8633 | D:12     | Found Syestadith's Distillery.
  8641 | D:12     | Noticed a cyclops
  8660 | D:12     | Reached XP level 12. HP: 98/99 MP: 11/11
  8760 | D:12     | Noticed a two-headed ogre
  8770 | D:12     | Killed a two-headed ogre
  8770 | D:12     | Reached skill level 16 in Long Blades
  9020 | D:12     | Found a shadowy altar of Dithmenos.
  9214 | Lair:1   | Entered Level 1 of the Lair of Beasts
  9471 | Orc:1    | Entered Level 1 of the Orcish Mines
  9592 | Orc:2    | Entered Level 2 of the Orcish Mines
  9612 | Orc:2    | Noticed a two-headed ogre
  9614 | Orc:2    | Noticed a two-headed ogre
  9617 | Orc:2    | Reached ***** piety under Makhleb
  9622 | Orc:2    | Killed a two-headed ogre
  9623 | Orc:2    | Slain by a two-headed ogre

Skill      XL: |  1  2  3  4  5  6  7  8  9 10 11 12 |
---------------+-------------------------------------+-----
Long Blades    | 2 3 4 5 7 10 14 15 16 | 16.5
Armour         | 3 |  3.2
Fighting       | 4 5 6 7 |  7.1
Dodging        | 1 3 |  3.9
Shields        | |  2.6
Evocations     | |  0.8

Action                   |  1- 3 |  4- 6 |  7- 9 | 10-12 || total
-------------------------+-------+-------+-------+-------++-------
Melee: Long sword        |    94 |    34 |       |       ||   128
       Dagger            |       |   247 |   299 |       ||   546
       Great sword       |       |       |   163 |   411 ||   574
Invok: Lesser Servant of |       |       |       |     1 ||     1
Evoke: Wand              |       |     6 |    11 |    30 ||    47
  Use: Potion            |       |     2 |       |     6 ||     8
       Scroll            |       |     3 |       |     9 ||    12
 Stab: Paralysed         |       |       |       |     3 ||     3
  Eat: Chunk             |     8 |    16 |    18 |    59 ||   101
Armor: Scale mail        |    65 |   126 |   208 |       ||   399
       Chain mail        |       |       |   112 |   224 ||   336
Dodge: Dodged            |    74 |   121 |   276 |   329 ||   800
Block: Other             |       |       |    14 |    91 ||   105
       Reflection        |       |       |       |     2 ||     2
       Rpst.: Long sword |    27 |     2 |       |       ||    29
       Great sword       |       |       |    19 |    83 ||   102
